 Dungeon Crawl Stone Soup version 0.28-a0-381-g937acc2988 (webtiles) character file.

Game seed: 4482393848087100272

20 Archison the Sneak (level 2, -2/13 HPs)
             Began as a Spriggan Enchanter on Sept 1, 2021.
             Slain by an adder (5 damage)
             ... on level 2 of the Dungeon.
             The game lasted 00:03:15 (1416 turns).

Archison the Sneak (Spriggan Enchanter)             Turns: 1416, Time: 00:03:15

Health: -2/13      AC:  2    Str:  4    XL:     2   Next: 58%
Magic:  1/6        EV: 17    Int: 16    God:
Gold:   9          SH:  0    Dex: 15    Spells: 4/6 levels left

rFire   . . .      SeeInvis +   a - +1 dagger
rCold   . . .      Faith    .   (shield restricted)
rNeg    . . .      Spirit   .   b - +0 robe
rPois   .          Reflect  .   (helmet restricted)
rElec   .          Harm     .   (no cloak)
rCorr   .          Rampage  .   (gloves unavailable)
Will    .....                   (boots unavailable)
Stlth   +++.......              (no amulet)
HPRegen 0.04/turn               (no ring)
MPRegen 0.10/turn               (no ring)

@: lethally poisoned (-2 -> -7), very quick
A: very small, no large weapons, unfitting armour, see invisible, speed 3
a: no special abilities


You were on level 2 of the Dungeon.
You visited 1 branch of the dungeon, and saw 2 of its levels.

You collected 9 gold pieces.

Inventory:

Hand Weapons
 a - a +1 dagger (weapon)
Armour
 b - a +0 robe (worn)
Scrolls
 d - 2 scrolls of identify {unknown}
 f - a scroll of fear {unknown}
 h - a scroll of blinking {unknown}
 i - a scroll of summoning {unknown}
Potions
 c - a potion of invisibility
 e - a potion of lignification {unknown}
 g - a potion of flight {unknown}


   Skills:
 - Level 1.1 Short Blades
 * Level 3.1 Dodging
 * Level 5.1 Stealth
 - Level 2.6 Spellcasting
 * Level 4.1 Hexes


You had 4 spell levels left.
You knew the following spells:

 Your Spells              Type           Power      Damage    Failure   Level
a - Ensorcelled Hibernat  Hex/Ice        16%        N/A       13%         2

Your spell library contained the following spells:

 Spells                   Type           Power      Damage    Failure   Level
 Confusing Touch          Hex            15%        N/A       11%         3
 Tukima's Dance           Hex            15%        N/A       11%         3
 Dazzling Flash           Conj/Hex       16%        N/A       26%         3


Dungeon Overview and Level Annotations

Branches:
Dungeon (2/15)

Altars:


Innate Abilities, Weirdness & Mutations

You are very small and have problems with some larger weapons.
You are too small for most types of armour.
You have supernaturally acute eyesight. (SInv)
You cover ground extremely quickly. (Speed+++)


Message History

The dart slug barely misses you.
Casting: Ensorcelled Hibernation (safe; 13% risk of failure)
Confirm with . or Enter, or press ? or * to list all spells.
Aiming: Ensorcelled Hibernation (safe; 13% risk of failure)
Press: ? - help, Shift-Dir - straight line, f/p - dart slug
Aim: a dart slug (chance to affect: 57%)
The dart slug resists with significant effort.
The dart slug misses you.
Casting: Ensorcelled Hibernation (safe; 13% risk of failure)
Confirm with . or Enter, or press ? or * to list all spells.
You don't have enough magic to cast this spell.
Unknown command.
Unknown command.
Casting: Ensorcelled Hibernation (safe; 13% risk of failure)
Confirm with . or Enter, or press ? or * to list all spells.
You don't have enough magic to cast this spell.
An adder comes into view.
An adder comes into view.
The adder hisses angrily.
The adder closely misses you.
You miss the adder. The adder bites you.
You are lethally poisoned!
The adder poisons you!
You can't go up here!
Unknown command.
Unknown command.
Casting: Ensorcelled Hibernation (safe; 13% risk of failure)
Confirm with . or Enter, or press ? or * to list all spells.
You don't have enough magic to cast this spell.
Unknown command.
Casting: Ensorcelled Hibernation (safe; 13% risk of failure)
Confirm with . or Enter, or press ? or * to list all spells.
You don't know that spell.
You closely miss the adder.
You feel sick. The adder bites you but does no damage.
You hit the adder.
The adder is moderately wounded.
* * * LOW HITPOINT WARNING * * *
You feel sick. The adder bites you.
You die...

#......#####.#..#..##.
............ww.......>
#.......####<#..#..##
#######.# #.#..# #.#
#.#w.# #.# #.#.)# #.#
#.#.## #.# #.#.# #@#
#.### #S# #.# #.# #.#
#.# #.# #.# #.# #.#
#.#


You could see an adder.

Vanquished Creatures
  2 dart slugs (D:1)
  A giant cockroach (D:1)
  A kobold (D:1)
  2 ball pythons (D:1)
  2 bats (D:1)
  A frilled lizard (D:1)
  5 goblins
  A rat (D:1)
15 creatures vanquished.

Vanquished Creatures (others)
  4 toadstools (D:1)
4 creatures vanquished.

Grand Total: 19 creatures vanquished

Notes
Turn   | Place    | Note
-------+----------+-------------------------------------------
     0 | D:1      | Archison the Spriggan Enchanter began the quest for the
                  | Orb.
     0 | D:1      | Reached XP level 1. HP: 9/9 MP: 5/5
   178 | D:1      | Found a faded altar of an unknown god.
   616 | D:1      | Reached XP level 2. HP: 9/13 MP: 6/6
   619 | D:1      | Learned a level 2 spell: Ensorcelled Hibernation
   986 | D:1      | Reached skill level 5 in Stealth
  1416 | D:2      | Slain by an adder

Illustrated notes

Levels and vault maps discovered:
D:1:      ldierk_walled_garden_2, layout_basic, shapermc_ecumenical_altar_venn
D:2:      layout_basic, uniq_crazy_yiuf_cottage, uniq_terence

Skill      XL: |  1  2 |
---------------+-------+-----
Dodging        | 3 |  3.1
Hexes          | 4 |  4.1
Stealth        | 5 |  5.1
Short Blades   | |  1.1
Spellcasting   | |  2.6

Action                   || total
-------------------------++-------
Melee: Dagger            ||    69
 Cast: Ensorcelled Hiber ||     9
 Stab: Sleeping          ||     5
Armor: Robe              ||     8
Dodge: Dodged            ||    55

Table legend: (Time is in decaauts)
 A = Elapsed time spent in this place.
 B = Non-inter-level travel time spent in this place.
 C = Inter-level travel time spent in this place.
 D = Time resting spent in this place.
 E = Time spent auto-exploring this place.
 F = Levels seen in this place.
 G = Mean time per level.
                   A        B        C        D        E       F      G
               +--------+--------+--------+--------+--------+-----+--------+
         Total |   1173 |   1156 |     17 |    534 |    470 |   2 |  586.5 |
       Dungeon |   1173 |   1156 |     17 |    534 |    470 |   2 |  586.5 |
               +--------+--------+--------+--------+--------+-----+--------+

Top non-repeatable levels by time:
     D:1: 1148 daAuts
     D:2: 24 daAuts
